 Dungeon Crawl Stone Soup version 0.24.0-13-gcf9b319 (webtiles) character file.

Game seed: 10349178478283244527, levelgen mode: deterministic

222 Golfball the Skirmisher (level 5, 0/35 HPs)
             Began as a Gargoyle Monk on May 14, 2020.
             Slain by Blork the orc
             ... wielding a +0 glaive of pain
              (1 damage)
             ... on level 4 of the Dungeon.
             The game lasted 00:07:54 (3152 turns).

Golfball the Skirmisher (Gargoyle Monk)             Turns: 3152, Time: 00:07:55

Health: 0/35       AC: 10    Str: 16    XL:     5   Next: 99%
Magic:  5/5        EV: 10    Int: 10    God:
Gold:   129        SH:  0    Dex: 12    Spells: 4/4 levels left

rFire    . . .     SeeInvis .   a - +0 mace
rCold    . . .     Gourm    +   (no shield)
rNeg     + . .     Faith    .   e - +0 scale mail
rPois    ∞         Spirit   .   (no helmet)
rElec    +         Reflect  .   (no cloak)
rCorr    .         Harm     .   (no gloves)
MR       .....                  (no boots)
Stlth    ..........             x - amulet of the gourmand
HPRegen  0.11/turn              (no ring)
MPRegen  0.09/turn              (no ring)

@: confused
A: negative energy resistance 1, electricity resistance, unbreathing,
petrification resistance, rot immunity, AC +4
a: no special abilities


You were on level 4 of the Dungeon.
You were completely stuffed.

You visited 1 branch of the dungeon, and saw 4 of its levels.

You collected 129 gold pieces.

Inventory:

Hand Weapons
 a - a +0 mace (weapon)
 b - a +0 hunting sling
 o - a +1 hand axe of freezing
Missiles
 j - 42 stones (quivered)
 k - 8 boomerangs
 n - 54 sling bullets
 F - 16 poisoned darts
Armour
 e - a +0 scale mail (worn)
 E - a +1 ring mail of positive energy
Jewellery
 h - a cursed ring of attention {unknown}
 m - an uncursed ring of see invisible {unknown}
 t - a +3 ring of intelligence {unknown}
 u - an uncursed ring of ice {unknown}
 x - an amulet of the gourmand (around neck)
 A - an uncursed ring of protection from magic
Scrolls
 i - 2 scrolls of enchant weapon {unknown}
 l - 4 scrolls of identify
 p - 2 scrolls of teleportation {unknown}
 q - a scroll of blinking {unknown}
 y - a scroll of noise {unknown}
 B - a scroll of enchant armour {unknown}
 C - a scroll of remove curse {unknown}
 D - a scroll of fog {unknown}
Potions
 d - a potion of degeneration {unknown}
 f - 2 potions of brilliance
 g - 2 potions of flight
 r - a potion of curing {unknown}
 s - a potion of berserk rage {unknown}
 v - a potion of ambrosia {unknown}
 w - 2 potions of cancellation {unknown}
 z - 2 potions of lignification {unknown}
Comestibles
 c - 3 rations
 G - a chunk of flesh


   Skills:
 + Level 5.5 Fighting
 + Level 5.0 Maces & Flails
 - Level 2.4 Dodging
 - Level 2.1 Stealth


You had 4 spell levels left.
You didn't know any spells.
Your spell library contained the following spells:

 Spells                   Type           Power        Failure   Level  Hunger
 Confusing Touch          Hex            #.....       82%         1    ##.....
 Confuse                  Hex            #.......     99%         3    ####...
 Gell's Gravitas          Tloc           #.........   99%         3    ####...
 Petrify                  Tmut/Erth      #.......     100%        4    #####..
 Metabolic Englaciation   Hex/Ice        #.........   100%        5    ######.
 Yara's Violent Unravell  Hex/Tmut       #.........   100%        5    ######.


Dungeon Overview and Level Annotations

Branches:
Dungeon (4/15)
 Temple: D:4-7

Altars:
Dithmenos

Annotations:
D:4 1 runed translucent door, Blork the orc; buriedalive's ghost, novice HaFi


Innate Abilities, Weirdness & Mutations

You are resistant to torment.
Your stone body is resilient. (AC +4)
You are immune to poison.
You resist negative energy. (rN+)
You are resistant to electric shocks. (rElec)
You can survive without breathing.
You are immune to petrification.
You are immune to rotting.


Message History

* * * LOW HITPOINT WARNING * * *
Blork the orc looks angry.
You feel less confused.
Blork the orc casts a spell.
Blork the orc flickers and vanishes!
Deactivating autopickup; reactivate with Ctrl-A.
The orc wizard casts a spell.
The orc wizard flickers and vanishes!
You hear some strange, mumbled words.
You are confused.
You're too confused to move!
You bump into the rock wall.
Something hits you but does no damage.
You hear some strange, mumbled words.
You are more confused.
Something hits you.
* * * LOW HITPOINT WARNING * * *
Something hits you.
* * * LOW HITPOINT WARNING * * *
You writhe in agony.
You die...

..# ##########....##.. ..#
##.......##....##'# ..#
#.>............#<..
################.............'...
###...##.##...##.............#...
.......................##....##..
..............##)......##########
..............##+########........
...............'@..o.............
.#.##.##########..{..............
##########....##.............##..
#.....#....##.......##....##..
#.....'....#........##....#...
##.....#.............)÷....#...
#.....###'####.......##....##..
#########...##.......##....##..
#..................'.........


You could see an orc.

Vanquished Creatures
  A jelly (D:4)
  2 orc wizards
  An iguana (D:4)
  4 adders
  2 worms (D:2)
  2 dart slugs
  A leopard gecko (D:1)
  9 orcs
  2 giant cockroaches (D:1)
  8 goblins
  6 hobgoblins
  4 jackals (D:4)
  A quokka (D:2)
  A ball python (D:1)
  4 bats
  4 frilled lizards
  2 kobolds
  A leopard gecko skeleton (D:4)
  5 rats
60 creatures vanquished.

Notes
Turn   | Place    | Note
-------+----------+-------------------------------------------
     0 | D:1      | Golfball the Gargoyle Monk began the quest for the Orb.
     0 | D:1      | Reached XP level 1. HP: 14/14 MP: 1/1
   350 | D:1      | Reached XP level 2. HP: 19/19 MP: 2/2
  1151 | D:2      | Reached XP level 3. HP: 24/24 MP: 3/3
  1813 | D:3      | Reached XP level 4. HP: 27/30 MP: 4/4
  1961 | D:3      | Found a shadowy altar of Dithmenos.
  2197 | D:3      | Reached XP level 5. HP: 33/34 MP: 5/5
  2605 | D:4      | Reached skill level 5 in Fighting
  3072 | D:4      | Found a runed translucent door.
  3072 | D:4      | Noticed buriedalive's ghost (novice HaFi)
  3103 | D:4      | Reached skill level 5 in Maces & Flails
  3107 | D:4      | Noticed Blork the orc
  3152 | D:4      | HP: 1/35 [something (4)]
  3152 | D:4      | Slain by Blork the orc

Levels and vault maps discovered:
D:1:      sevenhm_arrival_forest_fort_small_6, layout_loops_corners,
          wad_floor_pattern_1, minivault_26
D:2:      layout_rooms
D:3:      layout_basic, grunt_dithmenos_smoke_and_mirrors
D:4:      layout_gridville, minmay_temple_entry_butterflies,
          gammafunk_ghost_grave, first_ration, uniq_blork_the_orc

Skill      XL: |  1  2  3  4  5 |
---------------+----------------+-----
Fighting       | 4 5 |  5.5
Maces & Flails | 4 5 |  5.0
Dodging        | |  2.4
Stealth        | |  2.1

Action                   |  1- 3 |  4- 6 || total
-------------------------+-------+-------++-------
Melee: Mace              |   123 |    94 ||   217
 Fire: Hunting sling     |     2 |    36 ||    38
  Use: Scroll            |       |     3 ||     3
 Stab: Sleeping          |     1 |       ||     1
  Eat: Chunk             |     3 |    12 ||    15
       Ration            |       |     1 ||     1
Armor: Scale mail        |    54 |    71 ||   125
Dodge: Dodged            |    74 |    87 ||   161
